Map: Dusk Towers

Players

Light (SpeCial) - Winner!

  • Race: Terran Terran
  • League: Master

xKawaiian

  • Race: Terran Terran
  • League: Master

VOD

Have the link to the VOD?

Description

Time

  • Played on: Jan. 13, 2016, 8:56 p.m.
  • Length: 3:24
Show
View Real Time Build Order
Export as new Build Order

Light Terran - Winner!

Build Orders:  

Get SALT Encoding   

  12  0:00  SCV  
  13  0:13  SCV  
  14  0:17  Supply Depot  
  14  0:25  SCV  
  15  0:41  Barracks  
  15  0:42  Refinery  
  15  0:55  Barracks  
  15  0:59  SCV  
  16  1:11  SCV  
  17  1:22  Refinery  
  18  1:28  Reaper  
  18  1:31  Orbital Command  
  18  1:43  Reaper  
  19  1:49  Supply Depot  
  18  1:57  SCV  
  18  2:00  Reaper  
  20  2:09  SCV  
  20  2:15  Reaper  
  22  2:21  SCV  
  23  2:30  Factory  
  23  2:34  SCV  
  23  2:36  Reaper  
  25  2:46  SCV  
  25  2:49  Reaper  
  27  2:58  SCV, Supply Depot  
  28  3:10  SCV  
Show
View Real Time Build Order
Export as new Build Order

xKawaiian Terran 

Build Orders: 1/1/1, Cyclone Opening 

Get SALT Encoding   

  12  0:00  SCV  
  13  0:13  SCV  
  14  0:17  Supply Depot  
  14  0:25  SCV  
  15  0:39  SCV  
  15  0:41  Barracks  
  16  0:46  Refinery  
  16  0:51  SCV  
  16  0:52  Refinery  
  17  1:03  SCV  
  18  1:15  SCV  
  19  1:28  Marine  
  19  1:29  Orbital Command  
  20  1:34  Factory  
  20  1:42  Supply Depot  
  20  1:46  Marine  
  21  1:55  SCV  
  22  2:04  Marine  
  22  2:07  SCV  
  24  2:17  Factory Tech Lab, Starport  
  24  2:19  SCV  
  24  2:22  Marine  
  26  2:33  Supply Depot  
  26  2:34  SCV  
  27  2:42  Cyclone  
  27  2:43  Marine  
  30  2:46  SCV  
  33  3:02  Marine  
  34  3:07  SCV  
Tags
 
Add a new tag
Caveats
  • Supply blocks, unpowered buildings, or Contaminate may cause inaccurate times.
  • Supply counts are checked every 10 seconds.